 Dungeon Crawl Stone Soup version bcrawl-1.28.1b (webtiles) character file.

Game seed: 13589253847095019334

108525 Morbidden the Sneak (level 3, -3/21 HPs)
             Began as a Skeleton Sloth Apostle on Dec 24, 2020.
             Was a Follower of Cheibriados.
             Slain by a worm (8 damage)
             ... on level 2 of the Dungeon.
             The game lasted 00:01:18 (1454 turns).

Morbidden the Sneak (Skeleton Sloth Apostle)        Turns: 1454, Time: 00:01:19

Health: -3/21      AC:  2    Str: 17 (20) XL:     3   Next: 39%
Magic:  0/6        EV:  7    Int: 13      God:    Cheibriados [*.....]
Gold:   114        SH:  9    Dex: 15      Spells: 5/6 levels left

rFire    . . .     SeeInvis .   a - +0 mace
rCold    + . .     Gourm    .   c - +0 medium shield
rNeg     + + +     Faith    .   b - +0 robe
rPois    ∞         Spirit   +   (no helmet)
rElec    .         Reflect  .   (no cloak)
rCorr    .         Harm     .   (no gloves)
MR       .....                  (no boots)
Stlth    +++.......             (no amulet)
HPRegen  0.07/turn              f - +5 ring of dexterity
MPRegen  0.10/turn              (no ring)

@: very slow
A: no food or potions, cold resistance 1, deterioration 1, negative energy
resistance 3, torment resistance, unbreathing, magic shield, sturdy frame 1,
spell healing
a: Bend Time, Renounce Religion


You were on level 2 of the Dungeon.
You worshipped Cheibriados.
Cheibriados was aware of your devotion.
You were not hungry.

You visited 1 branch of the dungeon, and saw 2 of its levels.

You collected 114 gold pieces.

Inventory:

Hand Weapons
 a - a +0 mace (weapon)
Armour
 b - a +0 robe (worn)
 c - a +0 medium shield (worn)
Jewellery
 f - a +5 ring of dexterity (left hand)
Wands
 d - a wand of paralysis (10)
Scrolls
 e - 3 scrolls of magic mapping {unknown}
 g - 2 scrolls of teleportation {unknown}
 h - a scroll of amnesia {unknown}
 i - 3 scrolls of identify
 j - a scroll of noise {unknown}


   Skills:
 * Level 2.1 Fighting
 * Level 3.5 Maces & Flails
 * Level 0.3 Dodging
 + Level 4.2 Stealth
 * Level 2.6 Shields
 * Level 2.0 Spellcasting
 + Level 1.1 Hexes
 * Level 0.2 Invocations
 + Level 0.8 Evocations


You had 5 spell levels left.
You knew the following spells:

 Your Spells              Type           Power        Failure   Level  Hunger
a - Slow                  Hex            #.......     96%         1    N/A
Your spell library was empty.

Dungeon Overview and Level Annotations

Branches:
Dungeon (2/12)

Altars:


Innate Abilities, Weirdness & Mutations

You do not eat or drink.
You are immune to poison.
Your flesh is cold resistant. (rC+)
Your body sometimes deteriorates upon taking damage.
You are immune to negative energy. (rN+++)
You are immune to unholy pain and torment.
You can survive without breathing.
When hurt, damage is shared between your health and your magic reserves.
Your movements are slightly less encumbered by armour. (ER -2)
Casting spells heals you.


Message History

The worm is lightly wounded.
The worm bites you.
You hit the worm but do no damage.
The worm is lightly wounded.
You block the worm's attack.
You hit the worm.
The worm is moderately wounded.
You hit the worm.
The worm is moderately wounded.
The worm bites you.
* * * LOW HITPOINT WARNING * * *
Your body deteriorates!
You feel weakened.
You hit the worm but do no damage.
The worm is moderately wounded.
The worm bites you.
* * * LOW HITPOINT WARNING * * *
You hit the worm.
The worm is moderately wounded.
The worm bites you!
You die...

##############
#............#
####.##.#######.#
##......>### #.#
#..........# #.#
#..##.####.# #.# #
#(####.#####.#
#.........@wl# ###
#..###.#####K# #.##
#.......##..)....# ...#
##.######..♣...♣%.# .#..#
#.# #......... .#
###..###.#####.. ..♣..^.
#.##..##.....#..>.....<..#
...##..###...#. ...♣.....#
.#..#...#...##...........#


You could see a worm, a leopard gecko and a kobold.

Vanquished Creatures
  An ooze (D:1)
  3 dart slugs
  2 leopard geckos
  A bat (D:2)
  2 giant cockroaches
  5 goblins
  4 hobgoblins
  6 kobolds
  3 frilled lizards
  2 rats
29 creatures vanquished.

Notes
Turn   | Place    | Note
-------+----------+-------------------------------------------
     0 | D:1      | Morbidden the Skeleton Sloth Apostle began the quest for
                  | the Orb.
     0 | D:1      | Reached XP level 1. HP: 12/12 MP: 3/3
   219 | D:1      | Reached XP level 2. HP: 5/17 MP: 1/4
   991 | D:2      | Reached skill level 4 in Stealth
  1226 | D:2      | Reached XP level 3. HP: 21/21 MP: 5/5
  1435 | D:2      | Reached * piety under Cheibriados
  1454 | D:2      | Slain by a worm

Skill      XL: |  1  2  3 |
---------------+----------+-----
Maces & Flails | 3 |  3.5
Stealth        | 4 |  4.2
Spellcasting   | 2 |  2.0
Fighting       | |  2.1
Dodging        | |  0.3
Shields        | |  2.6
Hexes          | |  1.1
Invocations    | |  0.2
Evocations     | |  0.8

Action                   || total
-------------------------++-------
Melee: Mace              ||    82
 Stab: Sleeping          ||     8
Armor: Robe              ||    14
Dodge: Dodged            ||    18
Block: Medium shield     ||    43
